 Dungeon Crawl Stone Soup version 0.17.1-1-g73c8601 (webtiles) character file.

6631 zercules the Severer (level 10, -4/80 HPs)
             Began as a Minotaur Gladiator on Feb 15, 2016.
             Was an Elder of Fedhas.
             Slain by a killer bee (6 damage)
             ... on level 9 of the Dungeon.
             The game lasted 00:40:49 (9208 turns).

zercules the Severer (Minotaur Gladiator)           Turns: 9208, Time: 00:40:50

Health: -4/80      AC:  4    Str: 21    XL:     10   Next: 72%
Magic:  15/15      EV:  8    Int:  5    God:    Fedhas [****..]
Gold:   591        SH:  0    Dex: 15    Spells: 0 memorised, 9 levels left

rFire  . . .     SeeInvis +     G - +6 broad axe (flame)
rCold  . . .     Clarity  .     (no armour)
rNeg   . . .     SustAt   .     (no shield)
rPois  .         Gourm    .     c - +0 hat
rElec  .         Spirit   .     (no cloak)
rCorr  .         Warding  .     m - +0 pair of gloves
rMut   .         Stasis   .     l - +2 pair of boots
MR     .....                    (no amulet)
Stlth  +.........               H - ring of see invisible
                                D - +2 ring of dexterity

@: lethally poisoned (-4 -> -14), not resistant to hostile enchantments, very
unstealthy
A: retaliatory headbutt, horns 2
a: Evolution, Sunlight, Growth, Reproduction, Renounce Religion


You were on level 9 of the Dungeon.
You worshipped Fedhas.
Fedhas was greatly pleased with you.
You were not hungry.

You visited 2 branches of the dungeon, and saw 10 of its levels.
You also visited: Sewer.

You collected 647 gold pieces.
You spent 56 gold pieces at shops.

Inventory:

Hand Weapons
 a - a +0 war axe
 G - a +6 broad axe of flaming (weapon)
 M - a +2 battleaxe
 R - a +0 blowgun
Missiles
 d - a throwing net (quivered)
 S - 18 poisoned needles
Armour
 c - a +0 hat (worn)
 l - a +2 pair of boots (worn)
 m - a +0 pair of gloves (worn)
 J - a +3 leather armour
 P - the +1 leather armour of Berit {Stlth+}
   (You took it off an orc wizard on level 8 of the Dungeon)

   It makes you more stealthy.
 V - a +0 troll leather armour
Jewellery
 D - a +2 ring of dexterity (left hand)
 H - a ring of see invisible (right hand)
Wands
 y - a wand of slowing (21)
 C - a wand of paralysis (8)
 L - a wand of confusion (36)
 Q - a wand of flame (0)
Scrolls
 b - a scroll of enchant weapon
 f - a scroll of fog
 k - 5 scrolls of teleportation
 t - a scroll of fear {unknown}
 u - 2 scrolls of noise
 v - 3 scrolls of magic mapping
 w - a scroll of recharging {unknown}
 I - 2 scrolls of remove curse
 N - a scroll of holy word {unknown}
 U - a scroll of torment {unknown}
Potions
 g - 4 potions of berserk rage
 j - a potion of magic {unknown}
 n - a potion of beneficial mutation {unknown}
 o - 4 potions of curing
 q - 5 potions of lignification
 s - a potion of heal wounds
 z - 2 potions of flight
 F - 3 potions of poison
 K - a potion of haste {unknown}
Books
 A - a book of Spatial Translocations

   Spells                             Type                      Level
   a - Apportation                    Translocation                1
   b - Blink                          Translocation                2
   c - Shroud of Golubria             Charms/Translocation         2
   d - Portal Projectile              Translocation                3
   e - Teleport Other                 Translocation                3
   f - Passage of Golubria            Translocation                4
 E - an Akashic Record

   Spells                             Type                      Level
   a - Dispersal                      Translocation                6
   b - Malign Gateway                 Summoning/Translocation      7
   c - Disjunction                    Translocation                8
   d - Controlled Blink               Translocation                8
 O - a book of Conjurations

   Spells                             Type                      Level
   a - Magic Dart                     Conjuration                  1
   b - Searing Ray                    Conjuration                  2
   c - Dazzling Spray                 Conjuration/Hexes            3
   d - Fulminant Prism                Conjuration/Hexes            4
   e - Iskenderun's Mystic Blast      Conjuration                  4
   f - Iskenderun's Battlesphere      Conjuration/Charms           5
Comestibles
 e - 12 bread rations
 h - 11 slices of pizza
 p - 13 fruits
 x - 2 beef jerkies
 B - 2 meat rations
 T - 5 chunks of flesh


   Skills:
 - Level 4.9 Fighting
 + Level 15.8 Axes
 - Level 2.0 Throwing
 - Level 3.2 Dodging
 + Level 8.0 Invocations


You had 9 spell levels left.
You didn't know any spells.

Dungeon Overview and Level Annotations

Branches:
Dungeon (9/15)             Temple (1/1) D:6
   Lair: D:8-11         Orc: D:9-12

Altars:
Ashenzari
Dithmenos
Fedhas
Gozag
Makhleb
Nemelex Xobeh
Okawaru
Trog
Vehumet
Zin

Shops:
D:6 (?   D:9 ::}


Innate Abilities, Weirdness & Mutations

You reflexively headbutt those who attack you in melee.
You have a pair of horns on your head.


Message History

The killer bee poisons you!
You feel sick. The killer bee stings you.
* * * LOW HITPOINT WARNING * * *
The killer bee stings you but does no damage.
You feel sick.
The killer bee stings you but does no damage. x2
There is a stone staircase leading down here.
You feel sick.
The killer bee buzzes angrily.
The killer bee barely misses you. You furiously retaliate!
You headbutt the killer bee! The killer bee stings you.
* * * LOW HITPOINT WARNING * * *
The killer bee stings you but does no damage.
The killer bee stings you.
* * * LOW HITPOINT WARNING * * *
The killer bee stings you!
* * * LOW HITPOINT WARNING * * *
The killer bee stings you.
You die...
Fedhas appreciates your contribution to the ecosystem.

#......# ##.....(.#. #.y....#
#.#####.#. #..y...# #.......#.
#......# #.......#. #...y..#
#.......#. #..# #.##########
#.......#. #..# #..........#
#########. #..# #....#..y..#
#........ #..# #.....yyy@.#
#........ #..# #.......y..#
#........ #..###...y......#
#........
###...............###############
.................................
....#.......####.................
#...........# #.................
#........∩..####............#....
#...........................#....


You could see 6 killer bees.

Vanquished Creatures
  Maurice (D:8)
  Joseph (D:8)
  A troll (D:9)
  3 yaks (D:9)
  A wyvern (D:8)
  A hungry ghost (D:7)
  A hog (D:8)
  A human (D:8)
  A water moccasin (D:9)
  2 orc warriors
  4 phantoms
  Purgy (Sewer)
  A wasp (D:9)
  A sky beast (D:5)
  7 ogres
  5 big kobolds
  The ghost of Wraith0187 the Magician, an amateur DECj (D:3)
  A centaur (D:8)
  A giant frog (D:9)
  A water moccasin zombie (D:9)
  3 killer bees (D:9)
  8 wights
  3 crimson imps
  3 jellies
  3 centaur zombies
  A giant frog skeleton (D:7)
  2 quasits (D:9)
  2 giant frog zombies
  A gnoll shaman (D:4)
  3 iguanas
  3 hounds
  A centaur skeleton (D:9)
  12 orc priests
  12 orc wizards
  8 worker ants
  Natasha (thrice) (D:3)
  A killer bee zombie (D:6)
  3 sheep (D:8)
  A worker ant zombie (D:5)
  A hound skeleton (D:9)
  9 adders
  12 gnolls
  A river rat (D:5)
  3 shadow imps
  3 adder skeletons
  2 worms
  5 giant geckos
  54 orcs
  2 giant cockroaches
  33 goblins
  25 hobgoblins
  9 jackals
  4 quokkas
  A ball python (D:5)
  5 bats
  5 giant newts
  A jackal skeleton (D:5)
  18 kobolds
  8 rats
310 creatures vanquished.

Vanquished Creatures (others)
  161 toadstools
161 creatures vanquished.

Grand Total: 471 creatures vanquished

Notes
Turn   | Place    | Note
--------------------------------------------------------------
     0 | D:1      | zercules the Minotaur Gladiator began the quest for the Orb.
     0 | D:1      | Reached XP level 1. HP: 18/18 MP: 0/0
   273 | D:1      | Reached XP level 2. HP: 19/26 MP: 1/1
   700 | D:2      | Reached skill level 4 in Fighting
   700 | D:2      | Reached XP level 3. HP: 25/33 MP: 2/2
  1142 | D:3      | Noticed Wraith0187's ghost (amateur DECj)
  1151 | D:3      | Killed Wraith0187's ghost
  1151 | D:3      | Reached skill level 5 in Axes
  1151 | D:3      | Reached XP level 4. HP: 18/41 MP: 3/3
  1399 | D:3      | Reached XP level 5. HP: 20/47 MP: 4/4
  1673 | D:3      | Noticed Natasha
  1680 | D:3      | Killed Natasha
  1680 | D:3      | Reached skill level 6 in Axes
  1690 | D:3      | Noticed Natasha
  1698 | D:3      | Killed Natasha
  1776 | D:3      | Found a blossoming altar of Fedhas.
  1778 | D:3      | Noticed Natasha
  1789 | D:3      | Killed Natasha
  1806 | D:3      | Noticed an oklob plant
  1814 | D:3      | Became a worshipper of Fedhas Madash
  2174 | D:4      | Reached XP level 6. HP: 50/55 MP: 5/5
  2199 | D:4      | Reached skill level 7 in Axes
  2344 | D:4      | Found a glowing silver altar of Zin.
  2671 | D:4      | Noticed an ogre
  2676 | D:4      | Killed an ogre
  2676 | D:4      | Reached skill level 8 in Axes
  2769 | D:4      | Reached XP level 7. HP: 42/60 MP: 6/6
  2775 | D:4      | Reached skill level 9 in Axes
  2887 | D:4      | Found an iron altar of Okawaru.
  2888 | D:4      | Found a bloodstained altar of Trog.
  2985 | D:4      | Reached * piety under Fedhas
  3011 | D:5      | Entered Level 5 of the Dungeon
  3131 | D:5      | Found a glowing drain.
  3156 | Sewer    | Entered a sewer
  3254 | Sewer    | Noticed Purgy
  3270 | Sewer    | Killed Purgy
  3270 | Sewer    | Reached skill level 10 in Axes
  4022 | D:5      | Reached XP level 8. HP: 59/67 MP: 7/7
  4027 | D:5      | Found a shadowy altar of Dithmenos.
  4038 | D:5      | Reached skill level 11 in Axes
  4303 | D:5      | Reached skill level 12 in Axes
  4656 | D:5      | Reached ** piety under Fedhas
  5071 | D:5      | Reached skill level 13 in Axes
  5209 | D:6      | Found a shattered altar of Ashenzari.
  5315 | D:6      | Found Giadiunoxt's Weapon Shoppe.
  5360 | D:6      | Reached XP level 9. HP: 73/73 MP: 8/8
  5376 | D:6      | Found a staircase to the Ecumenical Temple.
  5380 | D:6      | Reached skill level 1 in Invocations
  5466 | D:6      | Found Wakhip's Magic Scroll Shoppe.
  5474 | D:6      | Bought a scroll of identify for 28 gold pieces
  5474 | D:6      | Bought a scroll of identify for 28 gold pieces
  5865 | D:6      | Found a sparkling altar of Nemelex Xobeh.
  5866 | D:6      | Found an opulent altar of Gozag.
  5904 | Temple   | Entered the Ecumenical Temple
  5965 | D:7      | Found an iron altar of Okawaru.
  6498 | D:7      | Reached skill level 14 in Axes
  6731 | D:8      | Noticed Joseph
  6746 | D:8      | Killed Joseph
  6959 | D:8      | Reached skill level 5 in Invocations
  6966 | D:8      | Noticed Maurice
  6974 | D:8      | Killed Maurice
  7115 | D:8      | Reached *** piety under Fedhas
  7241 | D:8      | Reached XP level 10. HP: 46/80 MP: 13/13
  7900 | D:8      | Reached skill level 15 in Axes
  7990 | D:8      | Got a spiked leather armour
  8001 | D:8      | Identified the +1 leather armour of Berit {Stlth+} (You took it off an orc wizard on level 8 of the Dungeon)
  8003 | D:8      | Reached **** piety under Fedhas
  8016 | D:8      | Found a burning altar of Makhleb.
  8017 | D:8      | Found a radiant altar of Vehumet.
  8296 | D:9      | Identified a scroll of acquirement
  8332 | D:9      | Found Edghomis's Gadget Shoppe.
  8666 | D:9      | Found Reshromeo's Book Boutique.
  8917 | D:9      | Found Ozookiw's Book Emporium.
  9208 | D:9      | HP: 2/80 [killer bee (7)]
  9208 | D:9      | Slain by a killer bee

Action                   |  1- 3 |  4- 6 |  7- 9 | 10-12 || total
-------------------------+-------+-------+-------+-------++-------
Melee: War axe           |    84 |   101 |   337 |       ||   522
       Battleaxe         |       |       |    52 |    84 ||   136
       Broad axe         |       |       |       |    60 ||    60
Throw: Throwing net      |       |     1 |     2 |     4 ||     7
Evoke: Wand              |       |       |       |     1 ||     1
  Use: Potion            |     1 |       |     1 |       ||     2
       Scroll            |       |     4 |     8 |     7 ||    19
 Stab: Sleeping          |       |       |     2 |     1 ||     3
       Held in net/web   |       |       |     2 |     1 ||     3
  Eat: Chunk             |     1 |     5 |    13 |     2 ||    21
       Royal jelly       |       |       |     1 |       ||     1
       Meat ration       |       |       |       |     1 ||     1
